 Dungeon Crawl Stone Soup version 0.23.2-40-g277498a001 (webtiles) character file.

Game seed: 15189034348139173714

91 Marnok the Covered (level 4, -3/40 HPs)
             Began as a Minotaur Fighter on Oct 17, 2019.
             Slain by an orc
             ... wielding a cursed -1 mace
              (7 damage)
             ... on level 3 of the Dungeon.
             The game lasted 00:04:21 (1647 turns).

Marnok the Covered (Minotaur Fighter)               Turns: 1647, Time: 00:04:22

Health: -3/40      AC:  6    Str: 23 (26) XL:     4   Next: 34%
Magic:  3/3        EV:  9    Int:  4 (5)  God:
Gold:   96         SH:  9    Dex:  8 (10) Spells: 3/3 levels left

rFire    . . .     SeeInvis .   a - +0 long sword
rCold    . . .     Gourm    .   c - +0 shield
rNeg     . . .     Faith    .   q - +2 leather armour {rPois}
rPois    +         Spirit   .   (helmet restricted)
rElec    .         Reflect  .   (no cloak)
rCorr    .         Harm     .   (no gloves)
MR       .....                  h - +0 pair of boots
Stlth    +.........             (no amulet)
HPRegen  0.13/turn              k - ring of wizardry
MPRegen  0.08/turn              (no ring)

@: mighty
A: retaliatory headbutt, horns 2
a: no special abilities


You were on level 3 of the Dungeon.
You were not hungry.

You visited 1 branch of the dungeon, and saw 3 of its levels.

You collected 96 gold pieces.

Inventory:

Hand Weapons
 a - a +0 long sword (weapon)
Armour
 b - a +0 scale mail
 c - a +0 shield (worn)
 h - a +0 pair of boots (worn)
 q - a +2 leather armour of poison resistance (worn)
Jewellery
 k - a ring of wizardry (left hand)
 l - a +4 ring of protection {unknown}
Scrolls
 e - 5 scrolls of remove curse {unknown}
 i - 2 scrolls of identify {unknown}
 j - a scroll of magic mapping {unknown}
 o - a scroll of teleportation {unknown}
 p - a scroll of enchant armour {unknown}
Potions
 d - a potion of might
 n - a potion of heal wounds {unknown}
Comestibles
 f - 8 rations


   Skills:
 + Level 4.1 Fighting
 + Level 3.6 Long Blades
 + Level 4.5 Armour
 + Level 0.2 Dodging
 + Level 4.4 Shields


You had 3 spell levels left.
You didn't know any spells.
Your spell library was empty.

Dungeon Overview and Level Annotations

Branches:
Dungeon (3/15)

Altars:


Innate Abilities, Weirdness & Mutations

You reflexively headbutt those who attack you in melee.
You have a pair of horns on your head.


Message History

The orc misses you. You furiously retaliate!
You headbutt the orc!
You kill the orc!
You closely miss the orc. The orc wizard barely misses you.
You block the orc's attack.
The orc wizard points at you and mumbles some strange words.
The magic dart hits you.
* * * LOW HITPOINT WARNING * * *
The orc hits you but does no damage.
You barely miss the orc wizard. You headbutt the orc wizard.
You kill the orc wizard!
You have reached level 4!
You feel agile. The orc hits you with a +0 flail!
* * * LOW HITPOINT WARNING * * *
The orc hits you but does no damage.
It was a potion of degeneration.
There was something very wrong with that liquid.
You feel weakened.
You feel dopey.
You feel clumsy. You block the orc's attack.
The orc hits you with a cursed -1 mace!
You die...

#. #.#.#...# #. #.
#.#.#...######## #..
#.#.#........... #..
#.#.#..#########
#...#.#.#....#
#...#.#.##.#.####### .
#..........#........
....#####.#.############
......o@(.#.#
......o).?..#
###########.# #.# ###


You could see 2 orcs.

Vanquished Creatures
  An orc wizard (D:3)
  2 adders (D:2)
  A worm (D:2)
  A dart slug (D:2)
  A leopard gecko (D:3)
  4 orcs (D:3)
  2 giant cockroaches
  4 goblins
  3 hobgoblins
  3 jackals (D:3)
  A kobold (D:1)
  A ball python (D:1)
  4 bats
  3 frilled lizards
  2 rats
33 creatures vanquished.

Vanquished Creatures (others)
  A goblin (D:2)
1 creature vanquished.

Grand Total: 34 creatures vanquished

Notes
Turn   | Place    | Note
-------+----------+-------------------------------------------
     0 | D:1      | Marnok the Minotaur Fighter began the quest for the Orb.
     0 | D:1      | Reached XP level 1. HP: 19/19 MP: 0/0
   493 | D:1      | Reached XP level 2. HP: 27/27 MP: 1/1
   901 | D:2      | Reached XP level 3. HP: 31/33 MP: 2/2
  1646 | D:3      | Reached XP level 4. HP: 11/40 MP: 3/3
  1647 | D:3      | Slain by an orc

Skill      XL: |  1  2  3 |
---------------+----------+-----
Armour         | 4 |  4.5
Fighting       | 4 |  4.1
Shields        | 4 |  4.4
Long Blades    | 3 |  3.6
Dodging        | |  0.2

Action                   |  1- 3 |  4- 6 || total
-------------------------+-------+-------++-------
Melee: Long sword        |    79 |       ||    79
       Headbutt          |    16 |       ||    16
  Use: Potion            |     1 |     1 ||     2
  Eat: Chunk             |     2 |       ||     2
Armor: Scale mail        |    25 |       ||    25
       Leather armour    |     7 |       ||     7
Dodge: Dodged            |    29 |       ||    29
Block: Shield            |    54 |     1 ||    55
       Rpst.: Long sword |     7 |       ||     7
